 Dungeon Crawl Stone Soup version 0.29-a0-559-g359e09b9d1 (webtiles) character file.

Game seed: 11183712885799822630

828 frogsbabysitter the Cudgeller (level 7, -2/38 HPs)
             Began as a Vine Stalker Fighter on June 10, 2022.
             Slain by Duvessa
             ... wielding a +0 short sword
              (8 damage)
             ... on level 5 of the Dungeon.
             The game lasted 00:18:07 (3921 turns).

frogsbabysitter the Cudgeller (VSFi)                Turns: 3921, Time: 00:18:08

Health: -2/38      AC:  9    Str: 21    XL:     7   Next: 97%
Magic:  0/8        EV:  7    Int:  8    God:
Gold:   107        SH:  5    Dex: 13    Spells: 6/6 levels left

rFire   . . .      SeeInvis .   E - +5 dire flail (protect)
rCold   . . .      Faith    .   (shield currently unavailable)
rNeg    . . .      Spirit   +   t - +0 chain mail
rPois   +          Reflect  +   e - +0 helmet
rElec   .          Harm     .   (no cloak)
rCorr   .          Rampage  .   (no gloves)
Will    .....                   (no boots)
Stlth   ..........              r - amulet of reflection
HPRegen 0.92/turn               s - ring of poison resistance
MPRegen 0.11/turn               (no ring)

@: about to teleport
A: fangs 2, regeneration 1, magic shield, antimagic bite, no potion heal 2
a: no special abilities


You were on level 5 of the Dungeon.
You visited 1 branch of the dungeon, and saw 6 of its levels.

You collected 236 gold pieces.
You spent 129 gold pieces at shops.

Inventory:

Hand Weapons
 f - a +0 hunting sling
 y - a +2 flail of protection
 E - a +5 dire flail of protection (weapon)
Missiles
 g - 3 boomerangs (quivered)
 j - 3 poisoned darts
 k - 6 javelins
 o - 90 stones
Armour
 c - a +0 buckler
 e - a +0 helmet (worn)
 m - the +2 buckler "Ypargh" {+Inv rElec rF- Int-3}
   (You found it on level 2 of the Dungeon)

   Int:       It affects your intelligence (-3).
   rF:        It makes you vulnerable to fire.
   rElec:     It insulates you from electricity.
   +Inv:      It lets you turn invisible.
 t - a +0 chain mail (worn)
 v - a +0 plate armour
Jewellery
 n - an amulet of faith
 r - an amulet of reflection (around neck)
 s - a ring of poison resistance (left hand)
Wands
 d - a wand of mindburst (11)
 D - a wand of polymorph (8)
Scrolls
 a - a scroll of summoning {unknown}
 h - 2 scrolls of poison
 i - 7 scrolls of identify
 p - a scroll of immolation
 x - 3 scrolls of magic mapping
 A - a scroll of amnesia
Potions
 b - a potion of haste {unknown}
 q - a potion of resistance
 u - 2 potions of heal wounds
 w - 2 potions of cancellation {unknown}
 B - a potion of lignification {unknown}
 C - 2 potions of ambrosia {unknown}
 F - a potion of attraction {unknown}


   Skills:
 + Level 4.8 Fighting
 * Level 6.0 Maces & Flails
 - Level 1.9(2.5) Slings
 + Level 2.5(2.9) Throwing
 - Level 2.4 Armour
 - Level 2.6 Shields


You had 6 spell levels left.
You didn't know any spells.
Your spell library was empty.

Dungeon Overview and Level Annotations

Branches:
Dungeon (6/15)
 Temple: D:4-7

Altars:
Kikubaaqudgha
Makhleb
Vehumet
Wu Jian

Shops:
D:4 [   D:5 ?

Annotations:
D:5 Duvessa
D:6 Menkaure


Innate Abilities, Weirdness & Mutations

You have extremely sharp teeth.
Your natural rate of healing is unusually fast.
When hurt, damage is shared between your health and your magic reserves.
Your bite disrupts and absorbs the magic of your enemies.
Potions cannot restore your health.


Message History

Duvessa rages.
Found an ornate altar of the Wu Jian Council.
You hear a shout!
You hit Duvessa.
Your weapon exudes an aura of protection.
Duvessa is lightly wounded.
Duvessa hits you with a +0 short sword.
An ogre comes into view. It is wielding a +0 giant club.
Duvessa attacks as you move away! Duvessa closely misses you.
Duvessa hits you with a +0 short sword.
Aiming: Mindburst
Press: ? - help, Shift-Dir - straight line, f/p - orc
Aim: an orc, wielding a +0 short sword (chance to affect: 79%) Duvessa resists with almost no effort.
Duvessa hits you with a +0 short sword.
Aiming: Mindburst
Press: ? - help, Shift-Dir - straight line, f/p - orc
Aim: an orc, wielding a +0 short sword (chance to affect: 79%) Duvessa resists with almost no effort.
Duvessa hits you with a +0 short sword. Duvessa barely misses you.
Aiming: Mindburst
Press: ? - help, Shift-Dir - straight line, f/p - orc
Aim: an orc, wielding a +0 short sword (chance to affect: 79%) Duvessa resists with almost no effort.
Duvessa completely misses you. Duvessa attacks as you move away!
Duvessa hits you with a +0 short sword.
Duvessa rages.
Duvessa hits you with a +0 short sword! The orc attacks as you move away!
You block the orc's attack. Duvessa attacks as you move away!
Duvessa hits you with a +0 short sword!
* * * LOW HITPOINT WARNING * * *
An iguana comes into view.
Duvessa hits you with a +0 short sword!
* * * LOW HITPOINT WARNING * * *
As you read the scroll of fog, it crumbles to dust.
The scroll dissolves into smoke.
Duvessa hits you with a +0 short sword.
* * * LOW HITPOINT WARNING * * *
Okay, then.
As you read the scroll of teleportation, it crumbles to dust.
You feel strangely unstable.
Duvessa is no longer moving quickly.
Duvessa barely misses you. Duvessa hits you with a +0 short sword!
You die...

#..........#
...........#
##### . ##.)....#
#... # .
##....####.#
.#### #
##...##...#
##....# #
##..#....#
......#
##.....c##§§....#
##....oe§§§_....
#...###@§§...#
##...###§§§...#
#..>..##§§§.###
#.........#####.#
..##......# ...
#........ .l.
#......##.. ...
#.#....# #... ...
...###... $..


You could see Duvessa (berserk), a centaur and an orc.

Vanquished Creatures
  Edmund (D:5)
  An ice beast (D:5)
  A scorpion (D:5)
  2 necrophages
  Dowan (D:5)
  3 jellies
  2 iguanas
  Ijyb (D:3)
  7 adders
  5 gnolls
  A dart slug (D:4)
  4 worms
  11 orcs
  10 ball pythons
  5 bats
  12 endoplasms
  5 giant cockroaches
  9 goblins
  7 hobgoblins
  4 quokkas
  4 frilled lizards
  6 kobolds
  2 rats (D:3)
104 creatures vanquished.

Notes
Turn   | Place    | Note
-------+----------+-------------------------------------------
     0 | D:1      | frogsbabysitter the Vine Stalker Fighter began the quest
                  | for the Orb.
     0 | D:1      | Reached XP level 1. HP: 11/11 MP: 2/2
    59 | D:1      | Reached skill level 2 in Maces & Flails
   320 | D:1      | Reached XP level 2. HP: 14/16 MP: 3/3
   416 | D:1      | Found a faded altar of an unknown god.
   848 | D:2      | Reached XP level 3. HP: 20/20 MP: 2/4
   854 | D:2      | Identified the +2 buckler "Ypargh" {+Inv rElec rF- Int-3}
  1592 | D:3      | Reached skill level 3 in Maces & Flails
  1621 | D:3      | Reached skill level 1 in Slings
  1621 | D:3      | Gained mutation: Your natural rate of healing is unusually
                  | fast. [Vine Stalker growth]
  1621 | D:3      | Reached XP level 4. HP: 21/24 MP: 5/5
  1660 | D:3      | Noticed Ijyb
  1671 | D:3      | Killed Ijyb
  1927 | D:3      | Reached XP level 5. HP: 28/28 MP: 6/6
  2350 | D:4      | Found an ancient bone altar of Kikubaaqudgha.
  2446 | D:4      | Found a burning altar of Makhleb.
  2523 | D:4      | Found Wuleutiw's Antique Armour Emporium.
  2862 | D:4      | Reached skill level 4 in Maces & Flails
  3048 | D:5      | Entered Level 5 of the Dungeon
  3048 | D:5      | Found Epparep's Magic Scroll Shop.
  3056 | D:5      | Reached XP level 6. HP: 33/33 MP: 7/7
  3060 | D:5      | Bought a scroll of teleportation for 39 gold pieces
  3060 | D:5      | Bought a scroll of magic mapping for 45 gold pieces
  3060 | D:5      | Bought a scroll of amnesia for 45 gold pieces
  3087 | D:5      | Noticed an ice beast
  3133 | D:5      | Noticed Menkaure
  3133 | D:5      | Noticed Dowan
  3134 | D:5      | Noticed Edmund
  3232 | D:6      | Reached skill level 1 in Throwing
  3363 | D:5      | Reached skill level 5 in Maces & Flails
  3363 | D:5      | Reached XP level 7. HP: 35/36 MP: 8/8
  3526 | D:5      | Noticed Duvessa
  3600 | D:5      | Killed Edmund
  3850 | D:5      | Found a radiant altar of Vehumet.
  3896 | D:5      | Killed Dowan
  3897 | D:5      | Reached skill level 6 in Maces & Flails
  3911 | D:5      | Found an ornate altar of the Wu Jian Council.
  3921 | D:5      | Slain by Duvessa

Illustrated notes

Levels and vault maps discovered:
D:1:      mrwooster_arrival_statue_3, layout_loops_cross,
          hellmonk_ecumenical_altar_arch_garden
D:2:      layout_loops_ring, minmay_misc_feat_plants, minmay_octomino_j4
D:3:      minmay_chambers_of_threes, layout_basic, grunt_decor_fettered,
          uniq_ijyb
D:4:      layout_loops_cross, mainiacjoe_overflow_large_starburst, serial_shops,
          nicolae_take_the_stairs
D:5:      layout_cave_pools, mainiacjoe_overflow_paths,
          nicolae_overflow_crystal_walls, nemelex_spade_bored_becter,
          serial_shops, nicolae_stop_n_shop_1, uniq_edmund, uniq_menkaure,
          uniq_duvessa
D:6:      layout_cave_pools

Skill      XL: |  1  2  3  4  5  6  7 |
---------------+----------------------+-----
Maces & Flails | 2 3 4 5 6 |  6.0
Fighting       | 3 4 |  4.8
Slings         | 1 |  1.9
Throwing       | 1 2 |  2.5
Armour         | |  2.4
Shields        | |  2.6

Action                   |  1- 3 |  4- 6 |  7- 9 || total
-------------------------+-------+-------+-------++-------
Melee: Flail             |    83 |   179 |    40 ||   302
       Bite              |    17 |    44 |    12 ||    73
       Dire flail        |       |       |     4 ||     4
Throw: Boomerang         |     1 |    32 |     9 ||    42
Evoke: Wand              |       |     1 |     4 ||     5
  Use: Potion            |       |     1 |       ||     1
       Scroll            |       |     5 |     2 ||     7
Armor: Scale mail        |    32 |    25 |       ||    57
       Chain mail        |       |    46 |    17 ||    63
       Plate armour      |       |     1 |       ||     1
Dodge: Dodged            |    18 |    53 |    15 ||    86
Block: Buckler           |    24 |    89 |    21 ||   134
       Other             |       |       |     2 ||     2

Table legend: (Time is in decaauts)
 A = Elapsed time spent in this place.
 B = Non-inter-level travel time spent in this place.
 C = Inter-level travel time spent in this place.
 D = Time resting spent in this place.
 E = Time spent auto-exploring this place.
 F = Levels seen in this place.
 G = Mean time per level.
                   A        B        C        D        E       F      G
               +--------+--------+--------+--------+--------+-----+--------+
         Total |   4015 |   3831 |    184 |    134 |   2233 |   6 |  669.2 |
       Dungeon |   4015 |   3831 |    184 |    134 |   2233 |   6 |  669.2 |
               +--------+--------+--------+--------+--------+-----+--------+

Top non-repeatable levels by time:
     D:4: 940 daAuts
     D:3: 825 daAuts
     D:1: 824 daAuts
     D:2: 706 daAuts
     D:5: 625 daAuts
     D:6: 93 daAuts
